 Dungeon Sprint DCSS version 0.31-a0-496-g6f97920a28 (webtiles) character file.

Game seed: 8175994937314373862

96 Midn8 the Martial Artist (level 4, 23/23 HPs)
             Began as a Vine Stalker Brigand on Aug 8, 2023.
             Quit the game in the Dungeon (Sprint IV: "Fedhas' Mad Dash").
             The game lasted 00:00:50 (96 turns).

Midn8 the Martial Artist (Vine Stalker Brigand)       Turns: 96, Time: 00:00:51

Health: 23/23      AC:  3    Str: 13    XL:     4   Next: 67%
Magic:  5/5        EV: 11    Int: 11    God:
Gold:   15         SH:  0    Dex: 18    Spells: 3/3 levels left

rFire   . . .        a - +2 dagger
rCold   . . .        (no shield)
rNeg    . . .        b - +0 robe
rPois   .            (no helmet)
rElec   .            c - +0 cloak
rCorr   .            (no gloves)
SInv    .            (no boots)
Will    .....        k - amulet of invisibility {+Inv}
Stlth   +++          (no ring)
HPRegen 1.03/turn    (no ring)
MPRegen 0.09/turn

%: no teleportation, guardian spirit
@: no status effects
A: fangs 2, regeneration 1, magic shield, antimagic bite, no potion heal 2
a: Evoke Invisibility


You were in the Dungeon.
You visited 1 branch You collected 15 gold pieces.

Inventory:

Hand Weapons
 a - a +2 dagger (weapon)
Missiles
 d - 9 poisoned darts (quivered)
 e - 3 curare-tipped darts
Armour
 b - a +0 robe (worn)
 c - a +0 cloak (worn)
Jewellery
 k - the amulet of invisibility (around neck) {+Inv}
   (You found it in the Dungeon)

   [amulet of nothing]

   +Inv:      It lets you turn invisible.
Scrolls
 j - a scroll of blinking
Potions
 f - a potion of curing
 g - a potion of haste
 h - 2 potions of magic
 i - a potion of berserk rage


   Skills:
 - Level 1.7 Fighting
 - Level 1.7 Short Blades
 - Level 1.7 Throwing
 - Level 0.7 Dodging
 - Level 4.8 Stealth
 - Level 8.7 Unarmed Combat
 + Level 0.0 Evocations


You had 3 spell levels left.
You didn't know any spells.
Your spell library was empty.

Dungeon Overview and Level Annotations

Branches:
Dungeon (1/1)

Altars:


Innate Abilities, Weirdness & Mutations

You have extremely sharp teeth.
Your natural rate of healing is unusually fast.
When hurt, damage is shared between your health and your magic reserves.
Your bite disrupts and absorbs the magic of your enemies.
Potions cannot restore your health.


Message History

Magic restored.
You start resting.
HP restored.
There is an open door here.
You now have 15 gold pieces.
d - 5 poisoned darts (gained 1)
d - 7 poisoned darts (gained 2)
d - 8 poisoned darts (gained 1)
d - 9 poisoned darts (gained 1)
You open the door.
An oklob sapling comes into view.
Marking area around an oklob sapling as unsafe for travelling.
Found 46 gold pieces.
There is an open door here.
The helpless oklob sapling fails to defend itself.
You impale the oklob sapling!!
You destroy the oklob sapling!
Your Unarmed Combat skill gained 2 levels and is now at level 6!
You have reached level 3!
Your experience leads to an increase in your attributes!
Increase (S)trength, (I)ntelligence, or (D)exterity?
You feel agile. x2
A scorpion comes into view.
Found three items.
You see here 8 gold pieces.
You see here a scroll labelled DEITAN CUREOMP.
The helpless scorpion fails to defend itself.
You impale the scorpion!!
You kill the scorpion!
Your Unarmed Combat skill gained 2 levels and is now at level 8!
You have reached level 4!
You feel agile.
You begin to heal more quickly.
k - the amulet of invisibility {+Inv} You start putting on your amulet.
You continue putting on the amulet of invisibility {+Inv}. x5
You finish putting on the amulet of invisibility {+Inv}.
k - the amulet of invisibility (around neck) {+Inv}
Okay, then.
Are you sure you want to abandon this character and quit the game? (Confirm with "yes".)

##################
#<..P#.....#.$$$$#
#PP..'.....'.#?!.+
#PPPP#.....#.#@..#
###############+##


There were no monsters in sight!

Vanquished Creatures
  A scorpion (D)
  An oklob sapling (D)
  A river rat (D)
  A rat (D)
4 creatures vanquished.

Notes
Turn   | Place    | Note
-------+----------+-------------------------------------------
     0 | D        | Midn8 the Vine Stalker Brigand began the quest for the Orb.
     0 | D        | Reached XP level 1. HP: 11/11 MP: 2/2
     7 | D        | Reached skill level 1 in Unarmed Combat
    13 | D        | Reached skill level 4 in Unarmed Combat
    13 | D        | Reached XP level 2. HP: 3/15 MP: 1/3
    82 | D        | Noticed an oklob sapling
    84 | D        | Killed an oklob sapling
    85 | D        | Reached skill level 6 in Unarmed Combat
    85 | D        | Reached XP level 3. HP: 18/18 MP: 4/4
    86 | D        | Noticed a scorpion
    86 | D        | Found the amulet of invisibility {+Inv}
    88 | D        | Killed a scorpion
    89 | D        | Reached skill level 8 in Unarmed Combat
    89 | D        | Gained mutation: Your natural rate of healing is unusually
                  | fast. [Vine Stalker growth]
    89 | D        | Reached XP level 4. HP: 23/23 MP: 5/5
    96 | D        | Quit the game

Illustrated notes

Levels and vault maps discovered:
D:        dungeon_sprint_fedhas [sprint_temple]

Skill      XL: |  1  2  3 |
---------------+----------+-----
Unarmed Combat | 4 6 8 |  8.7
Fighting       | |  1.7
Short Blades   | |  1.7
Throwing       | |  1.7
Dodging        | |  0.7
Stealth        | |  4.8

Action                     |  1- 3 |  4- 6 || total
---------------------------+-------+-------++-------
  Melee: Dagger            |     6 |       ||     6
         Bite              |     1 |       ||     1
  Throw: Dart              |     5 |       ||     5
   Stab: Sleeping          |     2 |       ||     2
  Dodge: Dodged            |     1 |       ||     1

Table legend: (Time is in decaauts)
 A = Elapsed time spent in this place.
 B = Non-inter-level travel time spent in this place.
 C = Inter-level travel time spent in this place.
 D = Time resting spent in this place.
 E = Time spent auto-exploring this place.
 F = Levels seen in this place.
 G = Mean time per level.
                   A        B        C        D        E       F      G
               +--------+--------+--------+--------+--------+-----+--------+
         Total |     95 |     95 |      0 |     53 |      0 |   1 |   95.0 |
       Dungeon |     95 |     95 |      0 |     53 |      0 |   1 |   95.0 |
               +--------+--------+--------+--------+--------+-----+--------+

Top non-repeatable levels by time:
       D: 95 daAuts
